 Dungeon Crawl Stone Soup version 0.30.0-19-g36f170ea60 (webtiles) character file.

Game seed: 15375214540124837012

284 monsoonserge the Cudgeller (level 6, -5/91 HPs)
             Began as a Troll Berserker on June 1, 2023.
             Was a Believer of Trog.
             Slain by a water moccasin (7 damage)
             ... on level 4 of the Dungeon.
             The game lasted 00:05:34 (2507 turns).

monsoonserge the Cudgeller (Troll Berserker)        Turns: 2507, Time: 00:05:35

Health: -5/91      AC:  4    Str: 34    XL:     6   Next: 7%
Magic:  5/5        EV: 10    Int:  3    God:    Trog [**....]
Gold:   183        SH:  0    Dex:  9    Spells: 5/5 levels left

rFire   . . .        a - +0 mace
rCold   . . .        (no shield)
rNeg    . . .        b - +0 animal skin
rPois   .            (helmet restricted)
rElec   .            q - scarf {shadows}
rCorr   .            (gloves unavailable)
SInv    .            (boots unavailable)
Will    .....        (no amulet) Stlth
                     t - +6 ring of strength
HPRegen 1.15/turn    (no ring)
MPRegen 0.09/turn

%: no passive effects
@: berserking (expiring), lethally poisoned (-5 -> -7), very quick
A: large, unfitting armour, claws 3, regeneration 1, shaggy fur 1, tough skin 1
a: Renounce Religion, Berserk, Trog's Hand


You were on level 4 of the Dungeon.
You worshipped Trog.
Trog was pleased with you.
You visited 1 branch of the dungeon, and saw 4 of its levels.

You collected 183 gold pieces.

Inventory:

Hand Weapons
 a - a +0 mace (weapon)
Missiles
 p - 6 poisoned darts (quivered)
Armour
 b - a +0 animal skin (worn)
 f - a scarf of invisibility
 q - a scarf of shadows (worn)
Jewellery
 t - a +6 ring of strength (left claw)
Scrolls
 d - a scroll of immolation {unknown}
 e - 5 scrolls of identify {unknown}
 g - 2 scrolls of enchant armour {unknown}
 h - a scroll of blinking {unknown}
 m - a scroll of summoning {unknown}
 n - 2 scrolls of poison {unknown}
 r - a scroll of amnesia {unknown}
Potions
 c - a potion of cancellation {unknown}
 i - 2 potions of degeneration {unknown}
 j - a potion of ambrosia {unknown}
 k - a potion of flight {unknown}
 l - a potion of haste
 o - 3 potions of heal wounds {unknown}
 s - a potion of mutation {unknown}


   Skills:
 + Level 3.3 Fighting
 + Level 4.7 Maces & Flails
 + Level 3.5 Dodging
 + Level 0.3 Stealth


You had 5 spell levels left.
You didn't know any spells.
Your spell library was empty.

Dungeon Overview and Level Annotations

Branches:
Dungeon (4/15)
 Temple: D:4-7

Altars:
Okawaru
Sif Muna
Uskayaw

Shops:
D:1 *   D:4 *


Innate Abilities, Weirdness & Mutations

You are too large for most types of armour.
You have claws for hands.
Your natural rate of healing is unusually fast.
You are covered in fur. (AC +1)
You have tough skin. (AC +1)


Message History

You feel very sick.
The water moccasin bites you but does no damage.
The adder barely misses you.
The water moccasin bites you but does no damage.
The water moccasin bites you.
* * * LOW HITPOINT WARNING * * *
You sock the water moccasin!
You kill the water moccasin!
Trog accepts your kill.
You feel very sick. The water moccasin misses you.
You have reached level 6!
You feel stronger.
You miss the water moccasin.
You feel very sick. The adder bites you.
* * * LOW HITPOINT WARNING * * *
The ball python barely misses you.
The water moccasin bites you but does no damage.
You miss the water moccasin.
You feel sick. The adder closely misses you. The ball python barely misses you.
The water moccasin bites you but does no damage.
You thump the water moccasin!
The water moccasin is heavily wounded.
You feel sick. The adder closely misses you. The ball python barely misses you.
The water moccasin bites you.
* * * LOW HITPOINT WARNING * * *
You closely miss the water moccasin.
The water moccasin is heavily wounded.
You feel sick. The adder bites you but does no damage.
The ball python bites you but does no damage.
The water moccasin bites you.
* * * LOW HITPOINT WARNING * * *
You miss the water moccasin.
The water moccasin is heavily wounded.
You feel sick. The adder bites you.
* * * LOW HITPOINT WARNING * * *
You are lethally poisoned!
The adder poisons you! The water moccasin bites you!
You die...

##+## #. #
#...#
#..#.###.∩.#
...#.#.#...
.......##S##
#....#..S@S#
...........#
...###.##..#
...........#
.......#####.
..#...<......
. #.#########
.>. .##


You could see a water moccasin, an adder and a ball python.

Vanquished Creatures
  A water moccasin (D:4)
  2 orc priests (D:3)
  An iguana (D:3)
  2 adders (D:2)
  3 worms
  2 dart slugs
  2 orcs (D:3)
  8 ball pythons
  2 bats
  6 endoplasms
  A giant cockroach (D:1)
  4 hobgoblins
  13 kobolds
  2 quokkas
  13 frilled lizards
  3 goblins
  4 rats
69 creatures vanquished.

Notes
Turn   | Place    | Note
-------+----------+-------------------------------------------
     0 | D:1      | monsoonserge the Troll Berserker began the quest for the
                  | Orb.
     0 | D:1      | Reached XP level 1. HP: 22/22 MP: 0/0
    40 | D:1      | Found Rygruq's General Store.
   146 | D:1      | Reached XP level 2. HP: 29/29 MP: 1/1
   203 | D:1      | Reached skill level 3 in Maces & Flails
   897 | D:2      | Reached ** piety under Trog
   898 | D:2      | Reached XP level 3. HP: 11/36 MP: 2/2
  1315 | D:2      | Reached XP level 4. HP: 36/44 MP: 3/3
  1752 | D:3      | Found a hide-covered altar of Uskayaw.
  1821 | D:3      | Found a shimmering blue altar of Sif Muna.
  2087 | D:3      | Found an iron altar of Okawaru.
  2275 | D:3      | Reached skill level 4 in Maces & Flails
  2280 | D:3      | Reached XP level 5. HP: 36/53 MP: 4/4
  2492 | D:4      | Found Cehappenas's Serpentskin Sales.
  2492 | D:4      | Noticed a water moccasin
  2492 | D:4      | Noticed a water moccasin
  2502 | D:4      | Killed a water moccasin
  2503 | D:4      | Reached XP level 6. HP: 17/61 MP: 5/5
  2506 | D:4      | HP: 4/91 [water moccasin (2)]
  2507 | D:4      | Slain by a water moccasin

Illustrated notes

Levels and vault maps discovered:
D:1:      lightli_arrival_flooded_house, layout_loops_corners, serial_shops,
          nicolae_shop_stone
D:2:      layout_basic
D:3:      layout_loops_cross, mainiacjoe_overflow_catwalk,
          okawaru_ov_weapons_minmay, mainiacjoe_overflow_tiny_flanked,
          minmay_lizard_king
D:4:      lemuel_castle_with_subvaults [lemuel_castle_interior_carwin_1],
          layout_basic, guppyfry_shop_venom

Skill      XL: |  1  2  3  4 |
---------------+-------------+-----
Maces & Flails | 3 4 |  4.7
Dodging        | 3 |  3.5
Fighting       | 3 |  3.3
Stealth        | |  0.3

Action                     |  1- 3 |  4- 6 || total
---------------------------+-------+-------++-------
  Melee: Mace              |   139 |   105 ||   244
         Punch             |     1 |     1 ||     2
 Invoke: Berserk           |       |     2 ||     2
   Stab: Sleeping          |     1 |       ||     1
 Armour: Animal skin       |    54 |    33 ||    87
  Dodge: Dodged            |    83 |    53 ||   136
